 Dungeon Crawl Stone Soup version 0.25.1-1-g288607f5aa (webtiles) character file.

Game seed: 2550171974352490417

133329 Elvor the Warrior (level 16, -6/155 HPs)
             Began as a Minotaur Fighter on July 24, 2020.
             Was the Champion of Okawaru.
             Mangled by a wolf spider (13 damage)
             ... on level 2 of the Lair of Beasts on July 26, 2020.
             The game lasted 04:56:21 (25468 turns).

Elvor the Warrior (Minotaur Fighter)               Turns: 25468, Time: 04:56:23

Health: -6/155     AC: 31    Str: 31    XL:     16   Next: 59%
Magic:  13/22      EV: 14    Int:  6    God:    Okawaru [******]
Gold:   1203       SH: 16    Dex: 12    Spells: 11/15 levels left

rFire    . . .     SeeInvis .   r - +0 war axe (elec)
rCold    . . .     Gourm    .   c - +0 kite shield
rNeg     + . .     Faith    .   l - +3 plate armour
rPois    +         Spirit   .   (helmet restricted)
rElec    .         Reflect  .   z - +1 cloak {rPois}
rCorr    .         Harm     .   q - +2 pair of gloves {archery}
MR       ++++.     Clarity  +   F - +2 pair of boots {run}
Stlth    ..........             o - amulet of the Four Winds {rN+ MR+++ Clar}
HPRegen  0.35/turn              y - +6 ring of strength
MPRegen  0.18/turn              w - ring of stealth

@: heroism, quick
A: retaliatory headbutt, horns 2
a: Heroism, Finesse, Renounce Religion


You were on level 2 of the Lair of Beasts.
You worshipped Okawaru.
Okawaru was exalted by your worship.
You were not hungry.

You visited 5 branches of the dungeon, and saw 25 of its levels.
You also visited: Gauntlet and Ice Cave.

You collected 2649 gold pieces.
You spent 1446 gold pieces at shops.

Inventory:

Hand Weapons
 i - a +0 spear of flaming
 r - a +0 war axe of electrocution (weapon)
 R - the +9 hunting sling of Symmetry {vorpal, rF+ Str+3}
   (You found it on level 6 of the Lair of Beasts)

   Any stone fired from it inflicts extra damage.
   It affects your strength (+3).
   It protects you from fire.
Missiles
 a - 121 sling bullets
Armour
 c - a +0 kite shield (worn)
 l - a +3 plate armour (worn)
 q - a +2 pair of gloves of archery (worn)
 z - a +1 cloak of poison resistance (worn)
 F - a +2 pair of boots of running (worn)
Jewellery
 o - the amulet of the Four Winds (around neck) {rN+ MR+++ Clar}
   (You found it in a Gauntlet)

   [amulet of nothing]

   It protects you from negative energy.
   It affects your resistance to hostile enchantments.
   It protects you against confusion.
 w - a ring of stealth (right hand)
 y - a +6 ring of strength (left hand)
Wands
 A - a wand of iceblast (12)
 B - a wand of flame (20)
 C - a wand of digging (15)
 J - a wand of disintegration (8)
 L - a wand of enslavement (10)
 M - a wand of paralysis (27)
 Q - a wand of polymorph (44)
 W - a wand of clouds (7)
Scrolls
 e - 5 scrolls of fear
 g - 5 scrolls of blinking
 h - 4 scrolls of immolation
 k - 8 scrolls of remove curse
 m - 7 scrolls of enchant weapon
 s - a scroll of silence
 t - 5 scrolls of enchant armour
 D - 3 scrolls of amnesia
 E - 4 scrolls of vulnerability
 H - 7 scrolls of teleportation
 X - a scroll of fog
 Y - a scroll of magic mapping
 Z - 2 scrolls of brand weapon
Potions
 b - 3 potions of resistance
 d - 4 potions of might
 j - 8 potions of lignification
 n - 3 potions of haste
 p - 9 potions of brilliance
 u - 4 potions of flight
 G - 6 potions of curing
 I - 2 potions of cancellation
 S - 5 potions of stabbing
 U - 2 potions of berserk rage
Comestibles
 f - 45 rations
 v - 3 chunks of flesh


   Skills:
 * Level 17.5(22.5) Fighting
   Level 2.3(7.3) Long Blades
 + Level 16.9(21.9) Axes
   Level 1.8(16.5) Maces & Flails
 + Level 5.0(13.2) Slings
 + Level 9.3(14.7) Throwing
 + Level 13.5(18.5) Armour
 * Level 5.4(10.4) Dodging
 - Level 1.3(6.3) Stealth
 + Level 13.7(18.7) Shields
 * Level 10.0 Invocations
 + Level 0.1 Evocations


You had 11 spell levels left.
You knew the following spells:

 Your Spells              Type           Power        Failure   Level  Hunger
a - Blink                 Tloc           N/A          97%         2    ###....
b - Apportation           Tloc           #.....       91%         1    ##.....
c - Summon Butterflies    Summ           #.......     91%         1    ##.....

Your spell library contained the following spells:

 Spells                   Type           Power        Failure   Level  Hunger
 Magic Dart               Conj           #...         91%         1    ##.....
 Call Imp                 Summ           #.......     97%         2    ###....
 Slow                     Hex            #.......     97%         2    ###....
 Confusing Touch          Hex            #.......     99%         3    ####...
 Conjure Flame            Conj/Fire      #.......     99%         3    ####...
 Gell's Gravitas          Tloc           #.........   99%         3    ####...
 Lesser Beckoning         Tloc           #.........   99%         3    ####...
 Mephitic Cloud           Conj/Pois/Air  #.......     99%         3    ####...
 Tukima's Dance           Hex            #.......     99%         3    ####...
 Ice Form                 Ice/Tmut       #.......     100%        4    #####..
 Petrify                  Tmut/Erth      #.......     100%        4    #####..
 Alistair's Intoxication  Tmut/Pois      #.......     100%        5    ######.
 Metabolic Englaciation   Hex/Ice        #.........   100%        5    ######.
 Yara's Violent Unravell  Hex/Tmut       #.........   100%        5    ######.
 Freezing Cloud           Conj/Ice/Air   #.........   100%        6    #######
 Invisibility             Hex            #.......     100%        6    #######
 Ozocubu's Refrigeration  Ice            #.........   100%        6    #######
 Simulacrum               Ice/Necr       #.........   100%        6    #######


Dungeon Overview and Level Annotations

Branches:
Dungeon (15/15)            Temple (1/1) D:4            Lair (6/6) D:11
  Swamp (0/4) Lair:2       Spider (1/4) Lair:2        Slime (0/5) Lair:6
    Orc (2/2) D:9             Elf (0/3) Orc:2        Vaults (0/5) D:13
 Depths (0/5) D:15          IceCv (visited)         Gauntlet (visited)

Altars:
Ashenzari
Cheibriados
Dithmenos
Elyvilon
Fedhas
Gozag
Hepliaklqana
Kikubaaqudgha
Makhleb
Nemelex Xobeh
Okawaru
Qazlal
Ru
Sif Muna
Trog
Uskayaw
Vehumet
Wu Jian
Xom
Yredelemnul
Zin
The Shining One

Shops:
D:5 [   D:12 *   D:14 :   Orc:2 =[*(

Annotations:
Spider:1 Louise


Innate Abilities, Weirdness & Mutations

You reflexively headbutt those who attack you in melee.
You have a pair of horns on your head.


Message History

r - a +0 war axe of electrocution (weapon)
The wolf spider hits you!
* * * LOW HITPOINT WARNING * * *
The wolf spider bites you but does no damage.
You slash the wolf spider!
Lightning courses through the wolf spider!
Your headbutt misses the wolf spider.
The wolf spider is heavily wounded.
The wolf spider hits you!
* * * LOW HITPOINT WARNING * * *
The wolf spider bites you but does no damage.
Okay, then.
You gain the combat prowess of a mighty hero.
You block the wolf spider's attack. The wolf spider bites you!
* * * LOW HITPOINT WARNING * * *
The wolf spider barely misses you. You furiously retaliate!
You headbutt the wolf spider.
The wolf spider bites you but does no damage.
You block the wolf spider's attack. The wolf spider bites you!
You die...

### ##########P###
#.##.P##P....# #............##
##.........^...######
####..^......^....P#...####
###.#...^^..^^^.^[...........
#.......^^.^^..^..#..........
#......^.^^†@^...............
#........^^.s.^^^............
##......^..^^.^....#..........
#...........^^^^..............
##.......^^^....^^............
##..###...^........###.#P'###
#### ###.....#P...###.P..##.
#....######.##...###.
##.######.<.###.###..


You could see a wolf spider (berserk).

Vanquished Creatures
  Jorgrun (Orc:2)
  A ghost moth (Lair:2)
  An ironheart preserver (D:13)
  A stone giant (Orc:2)
  An entropy weaver (Lair:2)
  A minotaur (Gauntlet)
  Nessos (Lair:4)
  Azrael (D:13)
  A white draconian (IceCv)
  Snorg (Lair:3)
  A blizzard demon (Gauntlet)
  3 ettins (Orc:2)
  A rakshasa (D:15)
  9 hydras
  8 centaur warriors
  Erica (D:9)
  A catoblepas (Lair:6)
  10 two-headed ogres
  14 death yaks
  An ogre mage (Orc:2)
  The ghost of Ebobla the Cleaver, a novice DsBe of Trog (D:9)
  A deep troll shaman (Lair:6)
  A fire crab (shapeshifter) (D:13)
  Sonja (D:12)
  2 unseen horrors
  Pikel (D:6)
  A lindwurm (Lair:4)
  A wolf spider zombie (D:15)
  2 orc knights
  2 orc sorcerers (D:15)
  A necromancer (D:15)
  3 oklob plants (Lair:6)
  3 orb spiders (Spider:1)
  11 ugly things
  11 cyclopes
  A manticore (D:11)
  Maurice (D:13)
  3 black mambas
  2 naga magi (D:15)
  22 elephants
  2 centaur zombies
  An ice statue (IceCv)
  14 spiny frogs
  A torpor snail (Lair:5)
  3 gargoyles
  3 rime drakes
  2 efreet (D:15)
  5 kobold demonologists
  A tengu conjurer (D:15)
  A redback zombie (D:15)
  A demonic crawler (Spider:1)
  8 komodo dragons
  2 jumping spiders (Spider:1)
  6 trolls
  15 polar bears
  A queen bee (Lair:3)
  8 hornets
  Prince Ribbit (D:7)
  6 blink frogs
  A bog body (Lair:2)
  9 slime creatures
  12 hippogriffs
  2 centaur simulacra
  14 redbacks
  13 spriggans
  3 wyverns
  64 yaks
  6 shadows
  2 tarantellas (Spider:1)
  3 basilisks
  Grum (D:10)
  2 fire elementals (D:13)
  2 hungry ghosts (D:11)
  10 vampire mosquitoes
  Menkaure (D:6)
  A steam dragon (D:14)
  Edmund (D:6)
  4 wargs
  2 soldier ants
  An acid dragon (D:14)
  15 water moccasins
  12 porcupines
  2 hell hounds (D:13)
  15 orc warriors
  A slave (D:6)
  5 ice beasts
  3 black bears
  2 phantoms
  An eye of draining (D:12)
  19 ogres
  A sky beast (D:7)
  3 boggarts (Lair:5)
  24 wolves
  23 centaurs
  17 crocodiles
  11 big kobolds
  17 bullfrogs
  Blork the orc (D:4)
  A gnoll sergeant (D:8)
  A wyvern zombie (D:15)
  2 wyvern skeletons
  7 scorpions
  A water moccasin skeleton (D:8)
  30 killer bees
  15 wights
  5 howler monkeys
  An electric eel (Lair:6)
  3 crimson imps (D:5)
  2 bullfrog zombies
  A quasit (D:11)
  Crazy Yiuf (D:2)
  5 jellies
  A bullfrog skeleton (D:7)
  8 orc priests
  A gnoll shaman (Orc:2)
  6 hounds
  26 orc wizards
  8 centaur skeletons
  6 iguanas
  Jessica (D:2)
  Natasha (thrice) (D:2)
  15 worker ants
  A hound zombie (D:11)
  A hound skeleton (D:10)
  3 worker ant zombies
  12 gnolls
  12 adders
  8 shadow imps
  2 oozes
  An adder zombie (D:9)
  2 adder skeletons
  3 worms
  6 leopard geckos
  74 orcs
  6 bats
  6 giant cockroaches
  4 goblins
  7 hobgoblins
  16 jackals
  16 kobolds
  2 quokkas
  A ball python (D:1)
  6 frilled lizards
  A leopard gecko skeleton (D:8)
  5 rats
  A butterfly (Lair:6)
  2 fungi
  3 plants
888 creatures vanquished.

Vanquished Creatures (others)
  A slave (D:6)
  A wolf (IceCv)
  An orc (D:6)
  17 fungi
  11 plants
31 creatures vanquished.

Grand Total: 919 creatures vanquished

Notes
Turn   | Place    | Note
-------+----------+-------------------------------------------
     0 | D:1      | Elvor the Minotaur Fighter began the quest for the Orb.
     0 | D:1      | Reached XP level 1. HP: 19/19 MP: 0/0
   310 | D:1      | Reached XP level 2. HP: 27/27 MP: 1/1
   523 | D:1      | Reached skill level 4 in Fighting
   918 | D:2      | Reached XP level 3. HP: 33/34 MP: 2/2
  1063 | D:2      | Noticed Jessica
  1070 | D:2      | Killed Jessica
  1070 | D:2      | Reached skill level 5 in Fighting
  1070 | D:2      | Reached XP level 4. HP: 24/42 MP: 3/3
  1221 | D:2      | Noticed Natasha
  1229 | D:2      | Killed Natasha
  1668 | D:2      | Found a runed translucent door.
  1669 | D:2      | Noticed Crazy Yiuf
  1689 | D:2      | Noticed Natasha
  1699 | D:2      | Killed Natasha
  1699 | D:2      | Reached XP level 5. HP: 26/49 MP: 4/4
  1721 | D:2      | Found a shimmering altar of Xom.
  1721 | D:2      | Found an ornate altar of the Wu Jian Council.
  1722 | D:2      | Found an opulent altar of Gozag.
  1806 | D:2      | Killed Crazy Yiuf
  1972 | D:2      | Noticed Natasha
  1979 | D:2      | Killed Natasha
  1979 | D:2      | Reached skill level 1 in Dodging
  2518 | D:4      | Found a staircase to the Ecumenical Temple.
  2518 | D:4      | Noticed an ogre
  2525 | D:4      | Killed an ogre
  2525 | D:4      | Reached skill level 1 in Throwing
  2525 | D:4      | Reached XP level 6. HP: 57/57 MP: 5/5
  2569 | Temple   | Entered the Ecumenical Temple
  2787 | D:4      | Reached skill level 5 in Armour
  2857 | D:4      | Reached skill level 6 in Fighting
  2881 | D:4      | Noticed Blork the orc
  2895 | D:4      | Killed Blork the orc
  2935 | D:4      | Reached skill level 5 in Axes
  2935 | D:4      | Reached XP level 7. HP: 41/63 MP: 6/6
  3128 | D:4      | Found a snail-covered altar of Cheibriados.
  3440 | D:4      | Found an iron altar of Okawaru.
  3456 | D:4      | Became a worshipper of Warmaster Okawaru
  3529 | D:5      | Entered Level 5 of the Dungeon
  3754 | D:5      | Found Xietem's Antique Armour Boutique.
  3973 | D:5      | Found a basalt altar of Yredelemnul.
  4585 | D:6      | You fall into a shaft and drop 2 floors!
  4724 | D:8      | Noticed a kobold demonologist
  4755 | D:8      | Reached XP level 8. HP: 60/71 MP: 7/7
  4765 | D:8      | Reached * piety under Okawaru
  4772 | D:8      | Reached skill level 7 in Fighting
  4772 | D:8      | Reached skill level 5 in Shields
  4844 | D:8      | Killed a kobold demonologist
  5049 | D:8      | Reached ** piety under Okawaru
  5049 | D:8      | Reached XP level 9. HP: 47/81 MP: 8/8
  5131 | D:8      | Reached skill level 8 in Fighting
  5249 | D:8      | Found a sacrificial altar of Ru.
  5705 | D:6      | Found a burning altar of Makhleb.
  5706 | D:6      | Noticed Edmund
  5717 | D:6      | Killed Edmund
  5718 | D:6      | Found an ancient bone altar of Kikubaaqudgha.
  5719 | D:6      | Found a hazy altar of Hepliaklqana.
  5834 | D:6      | Found an opulent altar of Gozag.
  6135 | D:6      | Noticed Pikel
  6139 | D:6      | Noticed Menkaure
  6178 | D:6      | Killed Pikel
  6178 | D:6      | Reached *** piety under Okawaru
  6178 | D:6      | Reached skill level 9 in Fighting
  6180 | D:6      | Killed Menkaure
  6180 | D:6      | Reached skill level 1 in Stealth
  6414 | D:7      | Received a gift from Okawaru
  6475 | D:7      | Reached XP level 10. HP: 83/91 MP: 9/9
  6646 | D:7      | Noticed Prince Ribbit
  6661 | D:7      | Killed Prince Ribbit
  6661 | D:7      | Reached skill level 10 in Axes
  6879 | D:7      | Found a shimmering blue altar of Sif Muna.
  6897 | D:7      | Reached **** piety under Okawaru
  6917 | D:7      | Found a shattered altar of Ashenzari.
  7119 | D:9      | Reached skill level 5 in Throwing
  7194 | D:9      | Reached skill level 10 in Fighting
  7442 | D:9      | Found a staircase to the Orcish Mines.
  7457 | D:9      | Reached ***** piety under Okawaru
  7609 | D:9      | Noticed a two-headed ogre
  7618 | D:9      | Killed a two-headed ogre
  7618 | D:9      | Received a gift from Okawaru
  7836 | D:9      | Found a runed translucent door.
  7836 | D:9      | Noticed Ebobla's ghost (novice DsBe)
  7855 | D:9      | You fall into a shaft and drop 3 floors!
  7867 | D:12     | Reached XP level 11. HP: 94/101 MP: 10/10
  7888 | D:12     | Noticed a red ugly thing
  7896 | D:12     | Killed a red ugly thing
  7940 | D:11     | Found a staircase to the Lair.
  7940 | D:11     | Noticed a death yak
  7940 | D:11     | Noticed a death yak
  7948 | D:11     | Noticed a death yak
  7948 | D:11     | Noticed a death yak
  7949 | D:11     | Noticed a death yak
  7950 | D:11     | Noticed a death yak
  7957 | D:11     | Noticed a death yak
  7962 | D:11     | Noticed an eight-headed hydra
  7985 | D:11     | Killed a death yak
  7985 | D:11     | Reached skill level 11 in Fighting
  7985 | D:11     | Killed a death yak
  7985 | D:11     | Killed a death yak
  7985 | D:11     | Received a gift from Okawaru
  8352 | D:11     | Paralysed by a hornet for 2 turns
  8546 | D:10     | Entered Level 10 of the Dungeon
  8895 | D:9      | Killed Ebobla's ghost
  9064 | D:10     | Noticed a two-headed ogre
  9274 | D:10     | You fall into a shaft and drop 3 floors!
  9274 | D:13     | Noticed a centaur warrior
  9285 | D:13     | Reached skill level 1 in Invocations
  9286 | D:13     | Killed a centaur warrior
  9286 | D:13     | Reached skill level 10 in Armour
  9290 | D:13     | Received a gift from Okawaru
  9325 | D:13     | Found a gate leading to a gauntlet.
  9337 | Gauntlet | Entered a Gauntlet
  9337 | Gauntlet | Found a transporter.
  9337 | Gauntlet | Found a transporter.
  9337 | Gauntlet | Noticed a catoblepas
  9337 | Gauntlet | Noticed a blizzard demon
  9349 | Gauntlet | Found a transporter.
  9357 | Gauntlet | Noticed a soul eater
  9365 | Gauntlet | Found a transporter.
  9374 | Gauntlet | Found a transporter.
  9396 | Gauntlet | Found a transporter.
  9401 | Gauntlet | Found a transporter.
  9407 | Gauntlet | Found a transporter.
  9421 | Gauntlet | Found a transporter.
  9438 | Gauntlet | Found a transporter.
  9442 | Gauntlet | Found a transporter.
  9443 | Gauntlet | Found the amulet of the Four Winds {rN+ MR+++ Clar}
  9477 | Gauntlet | Found a transporter.
  9545 | Gauntlet | Killed a blizzard demon
  9545 | Gauntlet | Reached skill level 12 in Fighting
  9801 | Gauntlet | Reached XP level 12. HP: 112/112 MP: 4/12
  9843 | Gauntlet | Noticed a minotaur
  9860 | Gauntlet | Killed a minotaur
 10082 | D:13     | Noticed a centaur warrior
 10088 | D:13     | Killed a centaur warrior
 10416 | D:12     | Noticed a two-headed ogre
 10431 | D:12     | Killed a two-headed ogre
 10431 | D:12     | Reached skill level 10 in Shields
 10620 | D:12     | Found Onuzorgh's General Store.
 10624 | D:12     | Bought a scroll of brand weapon for 280 gold pieces
 10624 | D:12     | Bought a scroll of magic mapping for 49 gold pieces
 10624 | D:12     | Bought a scroll of enchant weapon for 105 gold pieces
 10817 | D:12     | Noticed Sonja
 10820 | D:12     | Killed Sonja
 10820 | D:12     | Received a gift from Okawaru
 10970 | D:12     | Killed a death yak
 10970 | D:12     | Received a gift from Okawaru
 11179 | D:12     | Killed a death yak
 11190 | D:12     | Killed a death yak
 11216 | D:11     | Killed a death yak
 11216 | D:11     | Received a gift from Okawaru
 11216 | D:11     | Reached skill level 13 in Fighting
 11377 | D:11     | Noticed a two-headed ogre
 11392 | D:11     | Killed a two-headed ogre
 11621 | D:10     | Killed a two-headed ogre
 11621 | D:10     | Received a gift from Okawaru
 11621 | D:10     | Reached XP level 13. HP: 85/122 MP: 15/15
 11628 | D:10     | Noticed Erica
 11658 | D:9      | Killed Erica
 11702 | D:10     | Noticed Grum
 11970 | D:10     | Killed Grum
 12150 | D:10     | Found an opulent altar of Gozag.
 13461 | D:13     | Reached skill level 1 in Long Blades
 13491 | D:13     | Reached skill level 5 in Invocations
 13535 | D:13     | Found a gate to the Vaults.
 13535 | D:13     | Noticed an ironheart preserver
 13545 | D:13     | Killed an ironheart preserver
 13661 | D:13     | Noticed Maurice
 13661 | D:13     | Noticed Azrael
 13696 | D:13     | Killed Maurice
 13711 | D:13     | Killed Azrael
 13711 | D:13     | Received a gift from Okawaru
 13891 | D:13     | Received a gift from Okawaru
 14016 | D:13     | Reached skill level 15 in Axes
 14224 | D:11     | Identified a +0 pair of boots of running (Okawaru gifted it
                  | to you on level 13 of the Dungeon)
 14236 | Lair:1   | Entered Level 1 of the Lair of Beasts
 14267 | Lair:1   | Reached ****** piety under Okawaru
 14441 | Lair:1   | Reached skill level 14 in Fighting
 15091 | Lair:2   | Found a staircase to the Swamp.
 15232 | Lair:2   | Found a hole to the Spider Nest.
 15395 | Lair:2   | Reached XP level 14. HP: 132/132 MP: 17/17
 15794 | Lair:3   | Noticed Snorg
 15834 | Lair:3   | Killed Snorg
 16196 | Lair:4   | Found a frozen archway.
 16244 | IceCv    | Entered an ice cave
 16303 | IceCv    | Got a jewelled scythe
 16341 | IceCv    | Received a gift from Okawaru
 16411 | IceCv    | Identified the cursed +3 scythe "Cevastrounu" {flame,
                  | rPois} (You found it in an ice cave)
 16934 | Lair:4   | Noticed Nessos
 16940 | Lair:4   | Killed Nessos
 16940 | Lair:4   | Reached skill level 15 in Fighting
 17070 | Lair:4   | Received a gift from Okawaru
 17081 | Lair:4   | Got a scorched hat {god gift}
 17087 | Lair:4   | Identified the -4 hat "Ixan" {rC+} (Okawaru gifted it to
                  | you on level 4 of the Lair of Beasts)
 18015 | Lair:4   | Reached XP level 15. HP: 47/141 MP: 19/19
 18767 | Lair:5   | Received a gift from Okawaru
 18769 | Lair:5   | Got a steaming robe {god gift}
 18780 | Lair:5   | Identified the +2 robe of Sin {rElec rF+ rCorr Str+2}
                  | (Okawaru gifted it to you on level 5 of the Lair of Beasts)
 19354 | Lair:6   | Entered Level 6 of the Lair of Beasts
 19653 | Lair:6   | Reached skill level 16 in Fighting
 20271 | Lair:6   | Found a staircase to the Slime Pits.
 20739 | Lair:6   | Got a jewelled hunting sling
 20745 | Lair:6   | Identified the +9 hunting sling of Symmetry {vorpal, rF+
                  | Str+3} (You found it on level 6 of the Lair of Beasts)
 21847 | Orc:1    | Entered Level 1 of the Orcish Mines
 22055 | Orc:2    | Entered Level 2 of the Orcish Mines
 22099 | Orc:2    | Found Care's Jewellery Shoppe.
 22104 | Orc:2    | Received a gift from Okawaru
 22185 | Orc:2    | Reached skill level 1 in Slings
 22227 | Orc:2    | Found Niefe's General Store.
 22248 | Orc:2    | Received a gift from Okawaru
 22320 | Orc:2    | Found Agoceodi's Antique Armour Emporium.
 22420 | Orc:2    | Found Lugahuo's Antique Weapon Shoppe.
 22425 | Orc:2    | Found a staircase to the Elven Halls.
 22502 | Orc:1    | Noticed Jorgrun
 23028 | Orc:2    | Killed Jorgrun
 23028 | Orc:2    | Reached XP level 16. HP: 145/152 MP: 14/22
 23397 | Orc:2    | Bought a scroll of blinking for 90 gold pieces
 23397 | Orc:2    | Bought a +0 antimagic broad axe for 168 gold pieces
 23409 | Orc:2    | Bought a glowing plate armour for 754 gold pieces
 23639 | D:14     | Learned a level 2 spell: Blink
 24040 | D:14     | Found Sotytihid's Book Shoppe.
 24071 | D:14     | Received a gift from Okawaru
 24074 | D:14     | Got a bone fustibalus {god gift}
 24128 | D:14     | Identified the +7 fustibalus of Perversion {vorpal, MR-
                  | Str+5} (Okawaru gifted it to you on level 14 of the
                  | Dungeon)
 24296 | D:15     | Entered Level 15 of the Dungeon
 24470 | D:15     | Reached skill level 17 in Fighting
 24826 | D:15     | Reached skill level 1 in Maces & Flails
 24826 | D:15     | Reached skill level 5 in Dodging
 24852 | D:15     | Found a staircase to the Depths.
 24929 | D:15     | Received a gift from Okawaru
 25031 | D:15     | Learned a level 1 spell: Apportation
 25033 | D:15     | Learned a level 1 spell: Summon Butterflies
 25283 | Spider:1 | Entered Level 1 of the Spider Nest
 25312 | Spider:1 | Reached skill level 10 in Invocations
 25324 | Spider:1 | Received a gift from Okawaru
 25439 | Spider:1 | Reached skill level 5 in Slings
 25452 | Spider:1 | Noticed Louise
 25468 | Lair:2   | HP: 7/155 [wolf spider (11)]
 25468 | Lair:2   | Mangled by a wolf spider

Illustrated notes

Levels and vault maps discovered:
D:1:      grunt_arrival_crossed_arrows, layout_basic, minmay_misc_feat_ornament
D:2:      layout_basic, gammafunk_temple_overflow_forgotten,
          supply_closet_lemuel, uniq_crazy_yiuf_cottage, uniq_jessica,
          uniq_natasha
D:3:      layout_rooms
D:4:      layout_cave_pods, lemuel_doored_altar,
          minmay_temple_entry_stoned_glass, first_ration,
          grunt_decor_one_mirror, cheibriados_altar_1, uniq_blork_the_orc
D:5:      layout_gridville, basic_altar, serial_shops,
          nicolae_shop_competitors_out_of_business
D:6:      layout_basic, chequers_temple_overflow_statue_of_worship,
          nicolae_gozag_seed_capital, uniq_menkaure, uniq_edmund, uniq_pikel
D:7:      layout_rooms, led_sif_book, basic_altar, uniq_prince_ribbit1
D:8:      layout_gridville, nicolae_ru_awakened_eye, special_room
          [special_room_kobold]
D:9:      layout_roguey, orc_0_dummy, hellmonk_ghost_happy_afterlife
D:10:     layout_rooms, basic_altar, uniq_grum, uniq_erica
D:11:     layout_roguey, dpeg_lair_monsters
D:12:     layout_roguey, serial_shops, shop, uniq_sonja
D:13:     layout_roguey, skrybe_vaults_entry_preservation,
          gauntlet_entry_generic, uniq_maurice, uniq_azrael
D:14:     layout_small_grid, ebering_dispersal_statue_hall, serial_shops, shop,
          the_bakery
D:15:     grunt_enter_depths_magical_seal, layout_basic,
          minmay_misc_feat_hallway
Temple:   nicolae_temple_figure_eight
Lair:1:   layout_regular_city
Lair:2:   layout_roguey, skrybe_swamp_entry_bodies, spider_nest_entry_web_field,
          beast_lair_carwin_2, grunt_megastairs_5
Lair:3:   layout_misc_corridors, special_room [special_room_bee],
          infiniplex_staircase_pool, uniq_snorg
Lair:4:   cheibrodos_lair_overgrown_chateau, layout_gridlike,
          portal_ice_cave_entry_pillars_1, serial_bayou_shore_b, uniq_nessos
Lair:5:   kb_forest_paths, layout_long_grid
Lair:6:   grunt_lair_end_beastmaster, layout_gridlike,
          minmay_slime_entry_oklob_open, chequers_serial_rivers_room_a,
          grunt_megastairs_1, lemuel_fruit_fields, serial_bayou_shore_b,
          lemuel_fruit_tree, serial_bayou_shore_b
Spider:1: layout_spider_delve, drop_trap, hive_lemuel, uniq_louise
Orc:1:    layout_caves, uniq_jorgrun
Orc:2:    grunt_orc_gardens, layout_caves, grunt_orc_garden, grunt_orc_garden,
          grunt_orc_garden, grunt_orc_garden, mines2_lemuel

Skill      XL: |  1  2  3  4  5  6  7  8  9 10 11 12 13 14 15 16 |
---------------+-------------------------------------------------+-----
Armour         | 4 5 6 8 9 10 11 12 13 | 13.5
Fighting       | 4 5 6 7 9 10 12 13 14 15 16 17 | 17.5
Axes           | 3 4 5 6 8 9 11 12 14 15 16 | 16.9
Shields        | 4 5 6 8 9 10 11 12 13 | 13.7
Dodging        | 1 2 3 5 |  5.4
Throwing       | 1 2 3 4 5 6 7 8 9 |  9.3
Stealth        | 1 |  1.3
Invocations    | 1 4 6 7 9 10 | 10.0
Long Blades    | 1 2 |  2.3
Slings         | 2 5 |  5.0
Maces & Flails | 1 |  1.8
Evocations     | |  0.1

Action                   |  1- 3 |  4- 6 |  7- 9 | 10-12 | 13-15 | 16-18 || total
-------------------------+-------+-------+-------+-------+-------+-------++-------
Melee: War axe           |    43 |   136 |   330 |   287 |  1118 |   172 ||  2086
       Headbutt          |     8 |    23 |    55 |   106 |   283 |    66 ||   541
       Broad axe         |       |       |       |   200 |       |       ||   200
       Scimitar          |       |       |       |       |    18 |       ||    18
       Morningstar       |       |       |       |       |       |    32 ||    32
 Fire: Hunting sling     |       |       |       |       |    57 |   144 ||   201
Throw: Dart              |     3 |    14 |    79 |    53 |       |       ||   149
       Javelin           |       |    20 |     8 |    72 |   135 |       ||   235
       Boomerang         |       |       |       |       |     6 |       ||     6
Invok: Heroism           |       |       |     2 |    13 |     7 |     1 ||    23
       Finesse           |       |       |       |     7 |     6 |       ||    13
Evoke: Wand              |       |       |       |     1 |     3 |       ||     4
  Use: Scroll            |       |       |       |    15 |    12 |     2 ||    29
       Potion            |       |       |       |     9 |     2 |     1 ||    12
 Stab: Distracted        |       |       |     1 |       |       |       ||     1
       Invisible         |       |       |       |     1 |       |       ||     1
       Held in net/web   |       |       |       |       |       |     2 ||     2
  Eat: Chunk             |       |     5 |     5 |     2 |    14 |     3 ||    29
       Ration            |       |     1 |     2 |     4 |     6 |     1 ||    14
Armor: Scale mail        |    22 |    52 |   126 |       |       |       ||   200
       Plate armour      |       |       |     8 |   241 |   441 |   122 ||   812
Dodge: Dodged            |     7 |    28 |    93 |   185 |   249 |    56 ||   618
Block: Kite shield       |    21 |    49 |   162 |   317 |   649 |   142 ||  1340
       Rpst.: Scimitar   |       |       |       |       |     2 |       ||     2
